 Dungeon Crawl Stone Soup version 0.29.1-13-g9f3cf754e1 (webtiles) character file.

Game seed: 6916919643337209026

10518 retardedninja the Destroyer (level 11, -1/111 HPs)
             Began as a Pale Draconian Conjurer on Jan 20, 2023.
             Was a Believer of Vehumet.
             Slain by a meliai
             ... wielding a +2 hand axe of flaming
              (2 damage)
             ... on level 2 of the Lair of Beasts on Jan 24, 2023.
             The game lasted 00:56:32 (26174 turns).

retardedninja the Destroyer (DrCj)                 Turns: 26174, Time: 00:56:34

Health: -1/111     AC: 25    Str: 11    XL:     11   Next: 37%
Magic:  10/21      EV:  2    Int: 21    God:    Vehumet [**....]
Gold:   1830       SH:  0    Dex: 10    Spells: 8/24 levels left

rFire   . . .      SeeInvis .   e - staff of conjuration
rCold   . . .      Faith    .   (no shield)
rNeg    . . .      Spirit   .   (body armour unavailable)
rPois   +          Reflect  .   (helmet currently unavailable)
rElec   .          Harm     .   (cloak currently unavailable)
rCorr   .          Rampage  .   (gloves currently unavailable)
Will    .....      NoTele   +   (boots currently unavailable)
Stlth   +++.......              r - amulet of regeneration
HPRegen 1.08/turn               h - +4 ring of evasion
MPRegen 0.17/turn               (no ring)

@: tree-form, very slightly contaminated
A: stationary, stasis, torment immunity, boosted hp, (breathe steam), AC +7,
unfitting armour, (cold-blooded), (steam resistance)
a: Renounce Religion


You were on level 2 of the Lair of Beasts.
You worshipped Vehumet.
Vehumet was pleased with you.
You were a tree.
You visited 3 branches of the dungeon, and saw 12 of its levels.
You also visited: Sewer and Gauntlet.

You collected 1830 gold pieces.

Inventory:

Missiles
 a - a throwing net
Armour
 o - the +0 pair of boots of Hopscotch (melded) {Harm Will+ rCorr Str+7}
   (You found it on level 6 of the Dungeon)

   Str:       It affects your strength (+7).
   rCorr:     It protects you from acid and corrosion.
   Harm:      It increases damage dealt and taken.
   Will:      It increases your willpower.
 w - a +1 cloak (melded)
Magical Staves
 e - a staff of conjuration (weapon)
Jewellery
 h - a +4 ring of evasion (left branch)
 m - a ring of ice
 r - an amulet of regeneration (around neck)
Wands
 l - a wand of paralysis (12)
 n - a wand of flame (5)
 q - a wand of roots (11)
 v - a wand of mindburst (5)
Scrolls
 g - 4 scrolls of teleportation
 s - a scroll of fog
Potions
 b - a potion of flight
 d - a potion of might
 k - 5 potions of attraction


   Skills:
 + Level 7.1 Dodging
 + Level 7.8 Stealth
 + Level 7.2 Spellcasting
 * Level 11.3 Conjurations
 + Level 7.4 Invocations


You had 8 spell levels left.
You knew the following spells:

 Your Spells              Type           Power      Damage    Failure   Level
a - Magic Dart            Conj           100%       1d8       1%          1
b - Searing Ray           Conj           100%       2d8       1%          2
c - Fulminant Prism       Conj/Hex       23%        3d13      9%          4
d - Shock                 Conj/Air       100%       1d9       1%          1
e - Tukima's Dance        Hex            7%         N/A       26%         3
f - Iskenderun's Mystic   Conj/Tloc      46%        2d10      9%          4
g - Foxfire               Conj/Fire      100%       2x1d9     1%          1

Your spell library contained the following spells:

 Spells                   Type           Power      Damage    Failure   Level
 Dazzling Flash           Conj/Hex       92%        N/A       2%          3
 Ozocubu's Armour         Ice            7%         N/A       26%         3
 Cause Fear               Hex            3%         N/A       65%         4
 Passage of Golubria      Tloc           7%         N/A       65%         4
 Metabolic Englaciation   Hex/Ice        3%         N/A       94%         5
 Yara's Violent Unravell  Hex/Tmut       3%         3d4       94%         5
 Simulacrum               Ice/Necr       3%         N/A       100%        6
 Dragon Form              Tmut           3%         N/A       100%        7
 Dragon's Call            Summ           3%         N/A       100%        9


Dungeon Overview and Level Annotations

Branches:
Dungeon (9/15)             Temple (1/1) D:4            Lair (2/5) D:9
 Spider (0/4) Lair:2          Orc (0/2) D:9           Sewer (visited)
Gauntlet (visited)
  Swamp: Lair:2-3    Shoals: Lair:2-3

Altars:
Ashenzari
Cheibriados
Dithmenos
Elyvilon
Fedhas
Gozag
Hepliaklqana
Nemelex Xobeh
Okawaru
Qazlal
Ru
Sif Muna
Trog
Vehumet
Wu Jian
Xom
Yredelemnul
The Shining One


Innate Abilities, Weirdness & Mutations

You are a tree.
Your roots penetrate the ground, keeping you stationary.
You cannot be teleported.
You are immune to unholy pain and torment.
Your maximum health is greatly increased.
Your equipment is partially melded.
((You can breathe blasts of scalding, opaque steam.))
((Your pale cyan-grey scales are hard. (AC +7)))
You cannot fit into any form of body armour.
((You are cold-blooded and may be slowed by cold attacks.))
((You are immune to the effects of steam.))


Message History

You feel strangely unstable. The meliai barely misses you.
The meliai completely misses you.
The meliai hits you with a +2 hand axe of flaming!
The meliai burns you.
The meliai stings you but does no damage.
You miss the meliai.
You tail-slap the meliai, but do no damage.
The meliai hits you with a +2 hand axe of flaming.
The meliai burns you. The meliai misses you. The meliai completely misses you.
The meliai barely misses you. x2; The meliai misses you.
Casting: Searing Ray (safe; 1% risk of failure)
Confirm with . or Enter, or press ? or * to list all spells.
Aiming: Searing Ray (safe; 1% risk of failure)
Press: ? - help, Shift-Dir - straight line You feel a surge of power!
The searing ray hits the meliai.
The meliai is lightly wounded. (Press . to maintain the ray.)
The meliai calls down the wrath of its god upon you.
Something smites you!
* * * LOW HITPOINT WARNING * * *
The meliai completely misses you.
The meliai stings you but does no damage.
Unknown command.
Okay, then.
Welcome back, retardedninja the Pale Draconian Conjurer.
Vehumet says: Let it end in hellfire!
Press ? for a list of commands and other information.
Really quaff the potion of lignification?
You turn into a tree.
Your +1 cloak melds into your body.
The +0 pair of boots of Hopscotch {Harm Will+ rCorr Str+7} melds into your body.
Your roots penetrate the ground.
You feel strangely stable.
The meliai hits you with a +2 hand axe of flaming.
* * * LOW HITPOINT WARNING * * *
The meliai burns you.
* * * LOW HITPOINT WARNING * * *
The meliai stings you but does no damage.
The meliai hits you with a +2 hand axe of flaming!
* * * LOW HITPOINT WARNING * * *
The meliai burns you.
You die...

##...#P###.P...##
#....### ###.<.## #
##.#.# #.....# # ##..#
##...## # #...# ##...P#
# #...# #..†### .
##...# ###.÷##
.###....# #....#
...#....# ##.♣.##
#.......# #..y..#
........### ##....##
.........P# #......#
....###....###....####
..........^#..^/.....#
..######..........##..#
..# ##......### ..# ..#
#.....## .#


You could see a meliai.

Vanquished Creatures
  A two-headed ogre (D:7)
  Pikel (D:8)
  2 rime drakes (Lair:2)
  3 komodo dragons
  A troll (D:9)
  2 hornets
  4 wyverns
  2 basilisks
  18 yaks
  A vampire mosquito (D:8)
  6 water moccasins
  2 sky beasts (D:8)
  An orc warrior (D:9)
  An ice beast (D:7)
  A black bear (D:6)
  2 ogres
  3 centaurs
  A phantom (D:3)
  A kobold brigand (D:9)
  2 bullfrogs
  2 gnoll sergeants (D:9)
  2 scorpions
  A necrophage (D:5)
  12 wights
  9 killer bees
  7 hounds
  3 jellies
  4 orc priests
  2 iguanas
  3 orc wizards
  A hell rat (Sewer)
  6 gnolls (D:9)
  4 adders
  5 river rats
  A shadow imp (D:5)
  A white imp (D:6)
  An ufetubus (D:7)
  3 worms
  A dart slug (D:2)
  36 orcs
  5 bats
  4 endoplasms
  6 giant cockroaches
  11 goblins
  13 hobgoblins
  4 jackals
  10 quokkas
  6 ball pythons
  2 frilled lizards
  15 kobolds
  13 rats
248 creatures vanquished.

Vanquished Creatures (collateral kills)
  An ice beast (D:6)
  2 orcs (D:4)
3 creatures vanquished.

Vanquished Creatures (others)
  6 bushes (D:9)
  26 fulminant prisms
  3 fungi
  29 plants
64 creatures vanquished.

Grand Total: 315 creatures vanquished

Notes
Turn   | Place    | Note
-------+----------+-------------------------------------------
     0 | D:1      | retardedninja the Draconian Conjurer began the quest for
                  | the Orb.
     0 | D:1      | Reached XP level 1. HP: 14/14 MP: 3/3
   437 | D:1      | Reached XP level 2. HP: 14/20 MP: 5/5
  1663 | D:2      | Reached XP level 3. HP: 25/26 MP: 4/6
  1754 | D:2      | Identified a scroll of acquirement
  1754 | D:2      | Acquired 1162 gold pieces
  2861 | D:2      | Reached XP level 4. HP: 33/33 MP: 4/7
  2934 | D:2      | Learned a level 2 spell: Searing Ray
  3362 | D:3      | Found a faded altar of an unknown god.
  3399 | D:3      | You fall into a shaft and drop 1 floor!
  3457 | D:4      | Reached XP level 5. HP: 24/38 MP: 6/9
  3785 | D:3      | Found a bloodstained altar of Trog.
  3808 | D:3      | Reached skill level 5 in Conjurations
  4783 | D:3      | Noticed a phantom
  4791 | D:3      | Killed a phantom
  4792 | D:3      | Reached XP level 6. HP: 45/45 MP: 0/10
  5307 | D:4      | Found a stormy altar of Qazlal.
  5307 | D:4      | Found a broken altar of Ashenzari.
  5415 | D:4      | Found a staircase to the Ecumenical Temple.
  5481 | Temple   | Entered the Ecumenical Temple
  5525 | Temple   | Became a worshipper of Vehumet
  6130 | D:5      | Entered Level 5 of the Dungeon
  6552 | D:5      | Reached skill level 1 in Invocations
  7055 | D:5      | Your scales start taking on a pale cyan-grey colour.
  7055 | D:5      | Reached XP level 7. HP: 49/50 MP: 3/12
  7055 | D:5      | Gained mutation: You are immune to the effects of steam.
                  | [Pale Draconian growth]
  7303 | D:5      | Reached skill level 6 in Conjurations
  7704 | D:5      | Found an opulent altar of Gozag.
  8071 | D:6      | Found a glowing drain.
  8147 | Sewer    | Entered a sewer
  9212 | D:6      | Identified the +0 pair of boots of Hopscotch {Harm Will+
                  | rCorr Str+7}
  9842 | D:6      | Reached XP level 8. HP: 57/57 MP: 5/14
  9855 | D:6      | Reached skill level 7 in Conjurations
 10122 | D:6      | Learned a level 4 spell: Fulminant Prism
 11833 | D:7      | Reached skill level 5 in Stealth
 11842 | D:7      | Reached * piety under Vehumet
 11842 | D:7      | Offered knowledge of Shock by Vehumet.
 11846 | D:7      | Reached skill level 8 in Conjurations
 11846 | D:7      | Reached XP level 9. HP: 38/62 MP: 1/16
 12410 | D:7      | Noticed a two-headed ogre
 12422 | D:7      | Killed a two-headed ogre
 12423 | D:7      | Reached skill level 5 in Dodging
 12423 | D:7      | Reached skill level 5 in Spellcasting
 12511 | D:7      | Learned a level 1 spell: Shock
 12694 | D:7      | Found a shimmering blue altar of Sif Muna.
 12735 | D:7      | Identified the +1 trident of Discord {freeze, rElec rC-
                  | Dex+3}
 13657 | D:7      | Reached skill level 5 in Invocations
 13886 | D:8      | Found a white marble altar of Elyvilon.
 13934 | D:8      | Reached skill level 9 in Conjurations
 14091 | D:8      | Found a sacrificial altar of Ru.
 14245 | D:8      | Noticed Pikel
 14260 | D:8      | Killed Pikel
 14774 | D:8      | Found a sparkling altar of Nemelex Xobeh.
 14984 | D:8      | Reached XP level 10. HP: 69/69 MP: 10/18
 15798 | D:9      | Found a staircase to the Lair.
 18324 | D:9      | Reached skill level 10 in Conjurations
 20295 | D:9      | Offered knowledge of Foxfire by Vehumet.
 20299 | D:9      | Reached ** piety under Vehumet
 22148 | D:9      | Found a staircase to the Orcish Mines.
 22249 | Lair:1   | Entered Level 1 of the Lair of Beasts
 22262 | Lair:1   | Found a gate leading to a gauntlet.
 22276 | Gauntlet | Entered a Gauntlet
 22276 | Gauntlet | Noticed a black mamba
 22276 | Gauntlet | Found a transporter.
 22276 | Gauntlet | Found a transporter.
 22278 | Gauntlet | Noticed a gargoyle
 22281 | Gauntlet | Noticed a worldbinder
 22283 | Gauntlet | Found a transporter.
 22289 | Gauntlet | a black mamba changed into a rime drake
 22367 | Lair:1   | Reached XP level 11. HP: 48/74 MP: 4/21
 22502 | Lair:1   | Learned a level 3 spell: Tukima's Dance
 22507 | Lair:1   | Learned a level 4 spell: Iskenderun's Mystic Blast
 23616 | Lair:1   | Reached skill level 11 in Conjurations
 24159 | Lair:1   | You fall into a shaft and drop 1 floor!
 25107 | Lair:2   | Noticed a catoblepas
 25825 | Lair:2   | Learned a level 1 spell: Foxfire
 25875 | Lair:2   | Found a hole to the Spider Nest.
 26174 | Lair:2   | HP: 1/111 [meliai/+2 hand axe of flaming (10)]
 26174 | Lair:2   | Slain by a meliai

Illustrated notes

Levels and vault maps discovered:
D:1:      amcnicky_arrival_underground_garden, layout_loops_corners,
          minmay_statues_item, roderic_serpentine_path
D:2:      minmay_razor_zed, layout_rooms, serial_curves, eino_curves_02,
          eino_curves_04, grunt_decor_arrowhead
D:3:      layout_basic, trog_hazing_becter,
          hellmonk_ecumenical_altar_arch_garden
D:4:      cheibrodos_old_hovel, layout_basic,
          mainiacjoe_overflow_large_starburst, minmay_temple_entry_poolview
D:5:      layout_basic, lemuel_coloured_pillars_altar, dk_noncrumbling_3
D:6:      layout_loops_ring, lightli_sewer_entry_pipes
D:7:      layout_basic, led_sif_pool, serial_co_window_serial,
          co_window_of_opportunity_a, co_window_corner_a, co_window_paths_a,
          co_window_of_opportunity_a, co_window_paths_b, co_window_corner_a,
          co_window_cross_1, co_window_broadway_c, co_window_cross_4,
          co_window_corner_ca, co_window_broadway_b, co_window_unsneaky_path_a,
          co_window_unsneaky_path_d, co_window_corner_b, glass_columns_a
D:8:      layout_loops_corners, old_standard_altar,
          nemelex_diamond_rough_becter, lemuel_crystal_altar,
          minmay_door_square, uniq_pikel
D:9:      layout_loops_cross, minmay_lair_entry_grove, orc_0_dummy
Temple:   nicolae_temple_bog_church
Lair:1:   wander_river, layout_gridlike, gauntlet_entry_generic
Lair:2:   layout_concentric_octagons, hellmonk_spider_entry_not_the_bees,
          roderic_batcave, grunt_megastairs_3

Skill      XL: |  1  2  3  4  5  6  7  8  9 10 11 |
---------------+----------------------------------+-----
Stealth        | 2 3 4 5 6 7 |  7.8
Dodging        | 2 3 4 5 6 7 |  7.1
Spellcasting   | 3 4 5 6 7 |  7.2
Conjurations   | 5 6 8 9 10 11 | 11.3
Invocations    | 1 2 4 5 6 7 |  7.4

Action                   |  1- 3 |  4- 6 |  7- 9 | 10-12 || total
-------------------------+-------+-------+-------+-------++-------
Melee: Dagger            |    58 |       |       |       ||    58
       Unarmed           |     3 |       |       |       ||     3
       Tailslap          |     9 |     4 |     3 |     2 ||    18
       Punch             |     2 |     1 |     1 |       ||     4
       Staff             |    12 |    42 |    44 |    18 ||   116
 Cast: Magic Dart        |    65 |   117 |   101 |   115 ||   398
       Searing Ray       |       |    21 |   105 |   125 ||   251
       Shock             |       |       |    10 |     7 ||    17
       Fulminant Prism   |       |       |     3 |    23 ||    26
       Iskenderun's Myst |       |       |       |     4 ||     4
 Abil: Breathe Steam     |       |       |     4 |     4 ||     8
Evoke: Wand              |       |       |     2 |    15 ||    17
  Use: Potion            |     2 |     6 |     3 |    15 ||    26
       Scroll            |     1 |     8 |     7 |    11 ||    27
 Stab: Sleeping          |     1 |       |       |       ||     1
       Paralysed         |       |       |     5 |       ||     5
Armor: Skin              |    30 |    27 |    26 |    61 ||   144
Dodge: Dodged            |    79 |   145 |   149 |   313 ||   686
